 Dungeon Crawl Stone Soup version 0.19-a0-1937-g70ed36a (webtiles) character file.

28 varam the Conjurer (level 3, 19/19 HPs)
             Began as a Deep Elf Conjurer on Oct 26, 2016.
             Quit the game on level 3 of the Dungeon.
             The game lasted 00:02:26 (816 turns).

varam the Conjurer (Deep Elf Conjurer)               Turns: 816, Time: 00:02:27

Health: 19/19      AC:  4    Str:  5    XL:     3   Next: 0%
Magic:  5/9        EV: 13    Int: 19    God:
Gold:   41         SH:  0    Dex: 16    Spells: 2 memorised, 5 levels left

rFire  . . .     SeeInvis .     (no weapon)
rCold  . . .     Gourm    .     a - +0 robe
rNeg   . . .     Faith    .     (no shield)
rPois  .         Spirit   .     (no helmet)
rElec  .         Reflect  .     (no cloak)
rCorr  .         Harm     .     (no gloves)
MR     .....                    n - +1 pair of boots
Stlth  ++........               (no amulet)
                                (no ring)
                                (no ring)

@: no status effects
A: no striking features
a: no special abilities


You were on level 3 of the Dungeon.
You were not hungry.

You visited 1 branch of the dungeon, and saw 3 of its levels.

You collected 41 gold pieces.

Inventory:

Armour
 a - a +0 robe (worn)
 n - a +1 pair of boots (worn)
Jewellery
 j - an uncursed ring of resist corrosion {unknown}
 k - a cursed ring of loudness {unknown}
Scrolls
 e - a scroll of immolation {unknown}
 o - a scroll of teleportation {unknown}
Potions
 d - 2 potions of cancellation {unknown}
 h - a potion of might {unknown}
 i - 4 potions of curing {unknown}
 l - a potion of ambrosia {unknown}
 m - a potion of lignification {unknown}
Books
 b - a book of Conjurations

   Spells                             Type                      Level
   a - Magic Dart                     Conjuration                  1
   b - Searing Ray                    Conjuration                  2
   c - Dazzling Spray                 Conjuration/Hexes            3
   d - Fulminant Prism                Conjuration/Hexes            4
   e - Iskenderun's Mystic Blast      Conjuration                  4
   f - Iskenderun's Battlesphere      Conjuration/Charms           5
Comestibles
 c - 2 bread rations
 f - 2 chunks of flesh
 g - a beef jerky


   Skills:
 - Level 2.4 Dodging
 - Level 2.4 Stealth
 - Level 3.0 Spellcasting
 + Level 5.4 Conjurations


You had 5 spell levels left.
You knew the following spells:

 Your Spells              Type           Power        Failure   Level  Hunger
a - Magic Dart            Conj           ###.         1%          1    None
b - Searing Ray           Conj           ###...       2%          2    ##.....


Dungeon Overview and Level Annotations

Branches:
Dungeon (3/15)

Altars:

Annotations:
D:2 Sigmund


Message History

Casting: Magic Dart
Confirm with . or Enter, or press ? or * to list all spells.
Aiming: Magic Dart
Press: ? - help, Shift-Dir - straight line, f - leopard gecko
Aim: a leopard gecko The magic dart hits the leopard gecko.
You kill the leopard gecko!
You have reached level 3!
Your experience leads to an increase in your attributes!
Increase (S)trength, (I)ntelligence, or (D)exterity?
You feel agile.
f - 2 chunks of flesh (gained 1)
i - 4 golden potions (gained 2) Are you sure you want to abandon this character and quit the game? (Confirm with "yes".)
Okay, then.
Wear which item? (? for menu, Esc to quit)
You start putting on your armour.
You continue putting on your pair of runed boots. x4
You finish putting on your +1 pair of boots.
Are you sure you want to abandon this character and quit the game? (Confirm with "yes".)

.... #..## ##$... #
.... ##.####..#
.........# # #.......#
#..# #..###..####
#...@.<....#
###..###..##.#
#.##....###..##.#
#...............
#$............†##
#..........##..######
#............<.......#
#..........##..#####.#
#........####..#


There were no monsters in sight!

Vanquished Creatures
  A dart slug (D:1)
  2 leopard geckos
  3 bats
  A giant cockroach (D:3)
  5 goblins
  A hobgoblin (D:2)
  A kobold (D:1)
  A quokka (D:2)
  9 frilled lizards
24 creatures vanquished.

Notes
Turn   | Place    | Note
-------+----------+-------------------------------------------
     0 | D:1      | varam the Deep Elf Conjurer began the quest for the Orb.
     0 | D:1      | Reached XP level 1. HP: 10/10 MP: 6/6
   166 | D:1      | Reached XP level 2. HP: 15/15 MP: 5/8
   170 | D:1      | Learned a level 2 spell: Searing Ray
   180 | D:1      | Reached skill level 5 in Conjurations
   776 | D:2      | Noticed Sigmund
   802 | D:3      | Reached XP level 3. HP: 19/19 MP: 3/9
   816 | D:3      | Quit the game

Vault maps used:
D:1:      lemuel_arrival_rhombus, minmay_tripent
D:2:      uniq_terence, uniq_sigmund
D:3:      chequers_temple_overflow_minitemple, first_bread

Skill      XL: |  1  2 |
---------------+-------+-----
Conjurations   | 5 |  5.4
Dodging        | |  2.4
Stealth        | |  2.4
Spellcasting   | |  3.0

Action                   || total
-------------------------++-------
Melee: Unarmed           ||     2
 Cast: Magic Dart        ||    37
       Searing Ray       ||     2
Armor: Robe              ||     2
Dodge: Dodged            ||     8
